 Dungeon Crawl Stone Soup version 0.29-a0-1027-gcd8c55af63 (webtiles) character file.

Game seed: 2397510945991655839

200 DungeonMaster the Shield-Bearer (level 5, 0/39 HPs)
             Began as a Demonspawn Wanderer on Aug 12, 2022.
             Slain by a jelly (3 damage)
             ... on level 3 of the Dungeon.
             The game lasted 00:05:03 (3120 turns).

DungeonMaster the Shield-Bearer (DsWn)              Turns: 3120, Time: 00:05:04

Health: 0/39       AC:  0    Str: 14    XL:     5   Next: 48%
Magic:  7/7        EV: 10    Int: 14    God:
Gold:   151        SH:  6    Dex: 26    Spells: 7/7 levels left

rFire   . . .      SeeInvis .   a - +5 hand axe (freeze)
rCold   . . .      Faith    .   c - +0 buckler
rNeg    . . .      Spirit   .   g - +0 ring mail
rPois   .          Reflect  .   q - +0 helmet
rElec   .          Harm     .   z - scarf {shadows}
rCorr   .          Rampage  .   s - +0 pair of gloves
Will    .....                   (no boots)
Stlth   ++........              u - amulet of the acrobat
HPRegen 0.13/turn               h - +6 ring of dexterity
MPRegen 0.10/turn               n - +6 ring of dexterity

@: corroded
A: big brain 1
a: no special abilities


You were on level 3 of the Dungeon.
You visited 1 branch of the dungeon, and saw 3 of its levels.

You collected 151 gold pieces.

Inventory:

Hand Weapons
 a - a +5 hand axe of freezing (weapon)
 b - a +0 hand axe
 f - a +2 falchion
 t - a +4 short sword
 A - a +1 flail of venom
Missiles
 i - 5 javelins (quivered)
 p - 57 stones
 r - 6 boomerangs
 v - 4 poisoned darts
Armour
 c - a +0 buckler (worn)
 g - a +0 ring mail (worn)
 q - a +0 helmet (worn)
 s - a +0 pair of gloves (worn)
 z - a scarf of shadows (worn)
Jewellery
 h - a +6 ring of dexterity (left hand)
 n - a +6 ring of dexterity (right hand)
 u - an amulet of the acrobat (around neck)
Scrolls
 d - a scroll of butterflies
 m - a scroll of immolation
 y - a scroll of magic mapping {unknown}
Potions
 e - a potion of magic
 j - a potion of flight
 k - a potion of might {unknown}
 l - a potion of lignification {unknown}
 o - a potion of brilliance {unknown}
 w - a potion of curing
 x - a potion of heal wounds {unknown}


   Skills:
 * Level 2.4 Fighting
 - Level 1.7 Long Blades
 - Level 2.6 Axes
 * Level 2.4 Armour
 - Level 1.0 Dodging
 - Level 1.0 Stealth
 * Level 3.0 Shields
 * Level 1.7 Spellcasting
 - Level 1.2 Invocations


You had 7 spell levels left.
You didn't know any spells.
Your spell library contained the following spells:

 Spells                   Type           Power      Damage    Failure   Level
 Static Discharge         Conj/Air       1%         3-4/arc   69%         2
 Ozocubu's Armour         Ice            1%         N/A       89%         3
 Tukima's Dance           Hex            1%         N/A       89%         3
 Dispel Undead            Necr           1%         3d6       100%        4
 Passage of Golubria      Tloc           1%         N/A       100%        4
 Sticky Flame             Conj/Fire      1%         2d3       100%        4
 Yara's Violent Unravell  Hex/Tmut       0%         3d3       100%        5
 Ozocubu's Refrigeration  Ice            0%         4d7       100%        7


Dungeon Overview and Level Annotations

Branches:
Dungeon (3/15)

Altars:
Dithmenos


Innate Abilities, Weirdness & Mutations

You have an unusually large brain. (Int +2)


Message History

No target in view!
No target in view!
No target in view!
No target in view!
There is a stone staircase leading up here.
A jelly comes into view.
The jelly quivers.
The jelly barely misses you.
You hit the jelly. You freeze the jelly.
Your hands burn!
The jelly is lightly wounded.
The jelly hits you. The acid corrodes you!
You are splashed with acid!
You block the jelly's attack.
You hit the jelly. You freeze the jelly.
Your hands burn!
The jelly is heavily wounded.
You block the jelly's attack.
You hit the jelly. You freeze the jelly. The acid corrodes you!
Your hands burn!
The jelly is almost dead.
The jelly hits you.
You are splashed with acid!
* * * LOW HITPOINT WARNING * * *
You are too injured to fight recklessly!
You are too injured to fight recklessly!
You are too injured to fight recklessly!
You are too injured to fight recklessly!
You are too injured to fight recklessly!
You are too injured to fight recklessly!
You are too injured to fight recklessly!
You hit the jelly but do no damage.
Your hands burn!
* * * LOW HITPOINT WARNING * * *
The jelly is almost dead.
The jelly jiggles.
The jelly closely misses you. The jelly attacks as you move away!
The jelly completely misses you.
You aren't carrying any items that you can evoke.
Unknown command.
You hit the jelly. You freeze the jelly.
Your hands burn!
* * * LOW HITPOINT WARNING * * *
The jelly is almost dead.
The jelly hits you.
You die...

######## ######## #......#
.......# #......# .......####
#......## .......#..##
#......†.
........J@.#######........
.........#..#.........####
#######.......####..### .....#
#......###.))##
.>....#######......#..###
.......##.....#.#......###
.......##.###.#...#.##...######
.......##.# #.###......#.......
........##.#
#.###.#.....#####..


You could see a jelly.

Vanquished Creatures
  An orc priest (D:2)
  2 orc wizards (D:3)
  5 adders
  2 dart slugs
  10 orcs
  5 endoplasms
  2 giant cockroaches
  A goblin (D:3)
  6 hobgoblins
  6 jackals
  5 kobolds
  2 quokkas
  4 ball pythons
  3 bats
  4 frilled lizards
  4 rats
62 creatures vanquished.

Notes
Turn   | Place    | Note
-------+----------+-------------------------------------------
     0 | D:1      | DungeonMaster the Demonspawn Wanderer began the quest for
                  | the Orb.
     0 | D:1      | DungeonMaster set off with the following items: a +2
                  | falchion, a +0 hand axe, a +0 buckler, a scroll of
                  | butterflies, a +0 leather armour.
     0 | D:1      | Reached XP level 1. HP: 13/13 MP: 1/1
   263 | D:1      | Reached skill level 2 in Shields
   268 | D:1      | Gained mutation: You have an unusually large brain. (Int
                  | +2) [demonic ancestry]
   268 | D:1      | Reached XP level 2. HP: 18/20 MP: 2/2
   670 | D:1      | Reached skill level 1 in Fighting
   891 | D:2      | Found a shadowy altar of Dithmenos.
  1009 | D:2      | Reached skill level 1 in Dodging
  1308 | D:2      | Found a faded altar of an unknown god.
  1329 | D:2      | Reached XP level 3. HP: 26/26 MP: 3/3
  1968 | D:3      | Reached XP level 4. HP: 32/32 MP: 5/5
  2054 | D:2      | Reached skill level 1 in Spellcasting
  2522 | D:3      | Reached XP level 5. HP: 38/38 MP: 5/7
  2642 | D:3      | Reached skill level 3 in Shields
  3120 | D:3      | Slain by a jelly

Illustrated notes

Levels and vault maps discovered:
D:1:      mushboom_english_gardens, layout_basic
D:2:      layout_basic, basic_altar, chequers_ecumenical_altar_twisty,
          minmay_tree_intersection
D:3:      layout_rooms

Skill      XL: |  1  2  3  4  5 |
---------------+----------------+-----
Shields        | 2 3 |  3.0
Fighting       | 1 2 |  2.4
Dodging        | 1 |  1.0
Spellcasting   | 1 |  1.7
Armour         | 2 |  2.4
Long Blades    | |  1.7
Axes           | |  2.6
Stealth        | |  1.0
Invocations    | |  1.2

Action                   |  1- 3 |  4- 6 || total
-------------------------+-------+-------++-------
Melee: Falchion          |    60 |       ||    60
       Hand axe          |    16 |    81 ||    97
Throw: Javelin           |       |     1 ||     1
  Use: Scroll            |     5 |     4 ||     9
 Stab: Sleeping          |     1 |     1 ||     2
       Distracted        |     1 |       ||     1
Armor: Leather armour    |     1 |       ||     1
       Ring mail         |    20 |    26 ||    46
Dodge: Dodged            |    32 |    40 ||    72
Block: Buckler           |    26 |    26 ||    52

Table legend: (Time is in decaauts)
 A = Elapsed time spent in this place.
 B = Non-inter-level travel time spent in this place.
 C = Inter-level travel time spent in this place.
 D = Time resting spent in this place.
 E = Time spent auto-exploring this place.
 F = Levels seen in this place.
 G = Mean time per level.
                   A        B        C        D        E       F      G
               +--------+--------+--------+--------+--------+-----+--------+
         Total |   3158 |   3107 |     51 |    667 |   1911 |   3 | 1052.7 |
       Dungeon |   3158 |   3107 |     51 |    667 |   1911 |   3 | 1052.7 |
               +--------+--------+--------+--------+--------+-----+--------+

Top non-repeatable levels by time:
     D:2: 1389 daAuts
     D:3: 887 daAuts
     D:1: 881 daAuts
